 Dungeon Crawl Stone Soup version 0.29.1-15-g9cfb28693d (webtiles) character file.

Game seed: 6484179661728921388

13 booth the Chopper (level 2, 0/22 HPs)
             Began as a Demonspawn Gladiator on Apr 27, 2023.
             Slain by a gnoll
             ... wielding a +0 flail
              (14 damage)
             ... on level 1 of the Dungeon.
             The game lasted 00:01:52 (453 turns).

booth the Chopper (Demonspawn Gladiator)             Turns: 453, Time: 00:01:53

Health: 0/22       AC:  3    Str: 14    XL:     2   Next: 24%
Magic:  2/2        EV: 12    Int:  9    God:
Gold:   12         SH:  0    Dex: 14    Spells: 1/1 levels left

rFire   . . .      SeeInvis .   a - +0 war axe
rCold   . . .      Faith    .   (no shield)
rNeg    . . .      Spirit   .   b - +0 leather armour
rPois   .          Reflect  .   (helmet restricted)
rElec   .          Harm     .   (no cloak)
rCorr   .          Rampage  .   (no gloves)
Will    .....                   (no boots)
Stlth   +.........              (no amulet)
HPRegen 0.07/turn               (no ring)
MPRegen 0.08/turn               (no ring)

@: no status effects
A: antennae 1
a: no special abilities


You were on level 1 of the Dungeon.
You visited 1 branch of the dungeon, and saw 1 of its levels.

You collected 12 gold pieces.

Inventory:

Hand Weapons
 a - a +0 war axe (weapon)
Missiles
 d - 3 throwing nets (quivered)
 e - a javelin
Armour
 b - a +0 leather armour (worn)
 i - a scarf of resistance
Scrolls
 c - a scroll of noise {unknown}
 h - a scroll of teleportation {unknown}
Potions
 f - a potion of mutation {unknown}
 g - a potion of berserk rage {unknown}


   Skills:
 + Level 2.2 Fighting
 * Level 3.0 Axes
 + Level 2.0 Throwing
 + Level 2.8 Dodging


You had one spell level left.
You didn't know any spells.
Your spell library contained the following spells:

 Spells                   Type           Power      Damage    Failure   Level
 Freeze                   Ice            0%         1d3       45%         1
 Frozen Ramparts          Ice            0%         1d1       83%         3
 Hailstorm                Conj/Ice       0%         3d3       99%         4


Dungeon Overview and Level Annotations

Branches:
Dungeon (1/15)

Altars:


Innate Abilities, Weirdness & Mutations

You have a pair of small antennae on your head.


Message History

You kill the endoplasm!
You drop a +0 helmet.
You start resting.
HP restored.
You see here a +0 helmet.
There is an open door here.
You see here a jackal corpse.
You see here a jackal corpse.
You pick up a book of Frost and begin reading...
You add the spells Freeze, Frozen Ramparts and Hailstorm to your library.
Found a scroll labelled JIUFIA APPUBOP.
Found a scroll labelled KAPYIXZ LOPRUR.
Found a stone staircase leading down.
c - a scroll labelled KAPYIXZ LOPRUR
h - a scroll labelled JIUFIA APPUBOP
Found 12 gold pieces.
You now have 12 gold pieces.
You open the door.
Found five items.
Found a ring mail and a puce potion.
There is an open door here.
A gnoll comes into view. It is wielding a +0 flail.
You see here a scarf of resistance.
i - a scarf of resistance The gnoll shouts!
There is an open door here.
You closely miss the gnoll. The gnoll hits you with a +0 flail.
You hit the gnoll.
The gnoll is moderately wounded.
The gnoll barely misses you. The gnoll hits you with a +0 flail.
You hit the gnoll.
The gnoll is heavily wounded.
The gnoll closely misses you.
You closely miss the gnoll.
The gnoll is heavily wounded.
The gnoll misses you.
You closely miss the gnoll.
The gnoll is heavily wounded.
The gnoll closely misses you. The gnoll hits you with a +0 flail!
Ouch! That really hurt!
You die...

###############.............#
##...............###########.#
.................# #.#
.................# #.#
.................# #.#
.................# #.#
........>#######.# #.#
.....###.# #.# #.# .....# #.#
#@# #.# .....# #.#
#####g####### #.# ###### #.#
#...........# #.#
#......$....# #.#
#.....?.....# #.#
#.[.........# #.#
+...........# #.#
#!..........# #.#
#....[!.....# #.#


You could see a gnoll.

Vanquished Creatures
  A ball python (D:1)
  An endoplasm (D:1)
  A goblin (D:1)
  4 jackals (D:1)
  A quokka (D:1)
  A bat (D:1)
  A frilled lizard (D:1)
  A rat (D:1)
11 creatures vanquished.

Notes
Turn   | Place    | Note
-------+----------+-------------------------------------------
     0 | D:1      | booth the Demonspawn Gladiator began the quest for the Orb.
     0 | D:1      | Reached XP level 1. HP: 16/16 MP: 1/1
   160 | D:1      | Gained mutation: You have a pair of small antennae on your
                  | head. [demonic ancestry]
   160 | D:1      | Reached XP level 2. HP: 18/22 MP: 2/2
   162 | D:1      | Reached skill level 3 in Axes
   453 | D:1      | Slain by a gnoll

Illustrated notes

Levels and vault maps discovered:
D:1:      elethiomel_arrival_maze, layout_basic

Skill      XL: |  1  2 |
---------------+-------+-----
Axes           | 3 |  3.0
Throwing       | 2 |  2.0
Fighting       | |  2.2
Dodging        | |  2.8

Action                   || total
-------------------------++-------
Melee: War axe           ||    32
Armor: Leather armour    ||    17
Dodge: Dodged            ||    30
